TOP OF THE 1ST |
Texas Rangers batting - Pitching for California Angels : RHP Harambe Vick
|
Pitching: RHP Harambe Vick
|
|
Batting: LHB Sean Geisler
|
0-0: Ball 1-0: Called Strike 1-1: Ball 2-1: Ground out 5-3 (Groundball, 56, EV 88.8 MPH)
|
Batting: RHB Butch Kaiser
|
0-0: Called Strike 0-1: Foul Ball, location: 2F 0-2: Fly out, F8 (Flyball, 8RD, EV 90.0 MPH)
|
Batting: SHB Rich Chavez
|
0-0: Foul Ball, location: 2F 0-1: Ground out U3 (Groundball, 34, EV 104.4 MPH)
|
Top of the 1st over - 0 runs, 0 hits, 0 errors, 0 left on base; Texas 0 - California 0 |
BOTTOM OF THE 1ST |
California Angels batting - Pitching for Texas Rangers : RHP Bas Kooy
|
Pitching: RHP Bas Kooy
|
|
Batting: RHB Bjoern Waltersson
|
0-0: Foul Ball, location: 2F 0-1: Ball 1-1: Ball 2-1: Foul Ball, location: 2F 2-2: Fly out, F8 (Flyball, 8LD, EV 84.4 MPH)
|
Batting: LHB Javier Trujillo
|
0-0: Called Strike 0-1: Fly out, F7 (Flyball, 7S, EV 86.2 MPH)
|
Batting: LHB Mark Reeg
|
0-0: Called Strike 0-1: Ball 1-1: Ball 2-1: Foul Ball, location: 2F 2-2: Ball 3-2: Strikes out swinging
|
Bottom of the 1st over - 0 runs, 0 hits, 0 errors, 0 left on base; Texas 0 - California 0 |
TOP OF THE 2ND |
Texas Rangers batting - Pitching for California Angels : RHP Harambe Vick
|
Batting: SHB Vince Ealy
|
0-0: Called Strike 0-1: Foul Ball, location: 2F 0-2: Ball 1-2: Strikes out swinging
|
Batting: LHB Josh Stuck
|
0-0: Called Strike 0-1: Ball 1-1: Ball 2-1: Swinging Strike 2-2: Ball 3-2: SINGLE (Groundball, 56D, EV 95.6 MPH)
|
Batting: RHB Chris Torlak
|
0-0: Ball 1-0: Swinging Strike 1-1: Fielders Choice at 2nd, 1-4 (Groundball, 15S, EV 73.8 MPH)
|
Batting: RHB Martin Guerrero
|
0-0: Called Strike 0-1: Ball Chris Torlak steals 2nd base 1-1: Ball 2-1: Ball 3-1: Called Strike 3-2: Strikes out looking
|
Top of the 2nd over - 0 runs, 1 hit, 0 errors, 1 left on base; Texas 0 - California 0 |
BOTTOM OF THE 2ND |
California Angels batting - Pitching for Texas Rangers : RHP Bas Kooy
|
Batting: RHB Preston Deakyne
|
0-0: Ball 1-0: Called Strike 1-1: Ground out 6-3 (Groundball, 6, EV 88.1 MPH)
|
Batting: LHB Rusty Ney
|
0-0: Ball 1-0: Ball 2-0: Called Strike 2-1: Ball 3-1: Base on Balls
|
Batting: LHB Jonathon Walton
|
0-0: Ball 1-0: Ball 2-0: Ball 3-0: Base on Balls Rusty Ney to second
|
Batting: LHB James McCauley
|
0-0: Ball 1-0: Ball 2-0: Fielders Choice at 2nd, 3-6 (Groundball, 34, EV 78.1 MPH) Rusty Ney to third
|
Batting: RHB Avery Maxwell
|
0-0: Foul Ball, location: 2F 0-1: Ball 1-1: Ground out 4-3 (Groundball, 4, EV 86.2 MPH)
|
Bottom of the 2nd over - 0 runs, 0 hits, 0 errors, 2 left on base; Texas 0 - California 0 |
TOP OF THE 3RD |
Texas Rangers batting - Pitching for California Angels : RHP Harambe Vick
|
Batting: RHB Adryão Anto
|
0-0: Ball 1-0: Called Strike 1-1: Called Strike 1-2: Strikes out swinging
|
Batting: RHB Josh Ferguson
|
0-0: Ball 1-0: Swinging Strike 1-1: Called Strike 1-2: Fly out, F9 (Flyball, 9LM, EV 86.9 MPH)
|
Batting: LHB Sean Geisler
|
0-0: Foul Ball, location: 2F 0-1: Ball 1-1: Swinging Strike 1-2: SOLO HOME RUN (Flyball, 9D, EV 96.9 MPH), Distance : 362 ft
|
Batting: RHB Butch Kaiser
|
0-0: Ball 1-0: Ball 2-0: Called Strike 2-1: Foul Ball, location: 2F 2-2: Ball 3-2: Ground out 6-3 (Groundball, 6S, EV 69.4 MPH)
|
Top of the 3rd over - 1 run, 1 hit, 0 errors, 0 left on base; Texas 1 - California 0 |
BOTTOM OF THE 3RD |
California Angels batting - Pitching for Texas Rangers : RHP Bas Kooy
|
Batting: RHB Ryan Munro
|
0-0: Called Strike 0-1: Hit by Pitch
|
Batting: RHB Bjoern Waltersson
|
0-0: Foul Ball, location: 2F 0-1: Ball 1-1: Swinging Strike 1-2: Strikes out swinging
|
Batting: LHB Javier Trujillo
|
0-0: Called Strike 0-1: Foul Ball, location: 2F 0-2: Ball 1-2: Grounds into double play, 6-4-3 (Groundball, 6, EV 97.5 MPH)
|
Bottom of the 3rd over - 0 runs, 0 hits, 0 errors, 0 left on base; Texas 1 - California 0 |
TOP OF THE 4TH |
Texas Rangers batting - Pitching for California Angels : RHP Harambe Vick
|
Batting: SHB Rich Chavez
|
0-0: Called Strike 0-1: Foul Ball, location: 2F 0-2: Ball 1-2: Strikes out looking
|
Batting: SHB Vince Ealy
|
0-0: Fly out, F7 (Flyball, 78M, EV 88.1 MPH)
|
Batting: LHB Josh Stuck
|
0-0: Called Strike 0-1: Foul Ball, location: 2F 0-2: Strikes out looking
|
Top of the 4th over - 0 runs, 0 hits, 0 errors, 0 left on base; Texas 1 - California 0 |
BOTTOM OF THE 4TH |
California Angels batting - Pitching for Texas Rangers : RHP Bas Kooy
|
Batting: LHB Mark Reeg
|
0-0: Called Strike 0-1: Foul Ball, location: 2F 0-2: Ball 1-2: Foul Ball, location: 2F 1-2: Fly out, F6 (Popup, 6D, EV 56.2 MPH)
|
Batting: RHB Preston Deakyne
|
0-0: Foul Ball, location: 2F 0-1: Ball 1-1: Swinging Strike 1-2: Ball 2-2: Ball 3-2: Ground out 5-3 (Groundball, 56S, EV 90.0 MPH)
|
Pitching: RHP Isaburo Ishihara
|
|
Batting: LHB Rusty Ney
|
0-0: Ball 1-0: Called Strike 1-1: Ball 2-1: Ball 3-1: Base on Balls
|
Batting: LHB Jonathon Walton
|
0-0: Ball 1-0: Called Strike 1-1: Foul Ball, location: 2F 1-2: Ball 2-2: SINGLE (Groundball, 56D, EV 105.0 MPH) Rusty Ney to second
|
Batting: LHB James McCauley
|
0-0: Ball Wild Pitch! Rusty Ney to third Jonathon Walton to second 1-0: Ball 2-0: Ball 3-0: Called Strike 3-1: Base on Balls
|
Batting: RHB Avery Maxwell
|
0-0: Called Strike 0-1: Ball 1-1: Fly out, F7 (Flyball, 78M, EV 85.6 MPH)
|
Bottom of the 4th over - 0 runs, 1 hit, 0 errors, 3 left on base; Texas 1 - California 0 |
TOP OF THE 5TH |
Texas Rangers batting - Pitching for California Angels : RHP Harambe Vick
|
Now at SS: Luis Romero
|
|
Now in LF: Justin Alexander
|
|
Now in CF: James McCauley
|
|
Now in RF: Micah Miller
|
|
Batting: RHB Chris Torlak
|
0-0: Ball 1-0: Ball 2-0: Ball 3-0: Called Strike 3-1: Base on Balls
|
Batting: RHB Martin Guerrero
|
0-0: Ball 1-0: Called Strike 1-1: Foul Ball, location: 2F 1-2: Ball 2-2: Strikes out swinging
|
Batting: RHB Adryão Anto
|
0-0: Ball 1-0: Ball 2-0: Ball Wild Pitch! Chris Torlak to second 3-0: Called Strike 3-1: Called Strike 3-2: Strikes out swinging
|
Batting: RHB Josh Ferguson
|
0-0: SINGLE (Line Drive, 9S, EV 92.5 MPH) Chris Torlak to third Runner from 3rd tries for Home, SAFE, throw by RF to home Josh Ferguson to second
|
Batting: LHB Sean Geisler
|
0-0: Foul Ball, location: 2F 0-1: Called Strike 0-2: Ball 1-2: Ground out U3 (Groundball, 34, EV 105.0 MPH)
|
Top of the 5th over - 1 run, 1 hit, 0 errors, 1 left on base; Texas 2 - California 0 |
BOTTOM OF THE 5TH |
California Angels batting - Pitching for Texas Rangers : RHP Isaburo Ishihara
|
Pitching: RHP Luis Herrera
|
|
Now at C: Alvare Bairro
|
|
Now at 2B: Imbart Faber
|
|
Now at 3B: Luis Arce
|
|
Now in CF: Danny Weisse
|
|
Batting: RHB Ryan Munro
|
0-0: Foul Ball, location: 2F 0-1: Ball 1-1: Ground out 3-1 (Groundball, 34, EV 90.6 MPH)
|
Batting: LHB Micah Miller
|
0-0: Called Strike 0-1: SINGLE (Flyball, 4MD, EV 85.6 MPH)
|
Batting: RHB Luis Romero
|
0-0: Ball 1-0: Called Strike 1-1: Ball 2-1: Foul Ball, location: 2F 2-2: Foul Ball, location: 2F 2-2: Foul Ball, location: 2F 2-2: Ball 3-2: Strikes out looking
|
Batting: LHB Mark Reeg
|
|
Batting: RHB Alain Delhaye
|
0-0: Swinging Strike 0-1: Foul Ball, location: 2F 0-2: Strikes out swinging
|
Bottom of the 5th over - 0 runs, 1 hit, 0 errors, 1 left on base; Texas 2 - California 0 |
TOP OF THE 6TH |
Texas Rangers batting - Pitching for California Angels : RHP Harambe Vick
|
Pitching: RHP Pete Rance
|
|
Now at 1B: Ryuji Ito
|
|
Batting: SHB John Giesbrecht
|
0-0: Ball 1-0: Swinging Strike 1-1: Fly out, F8 (Flyball, 8LM, EV 93.8 MPH)
|
Batting: RHB Imbart Faber
|
0-0: Ball 1-0: Ball 2-0: Swinging Strike 2-1: Ball 3-1: Called Strike 3-2: Base on Balls
|
Pinch Hitting: RHB Jarrod Joyce
|
0-0: Called Strike 0-1: Ball 1-1: Foul Ball, location: 2F 1-2: Foul Ball, location: 2F 1-2: Ball 2-2: SINGLE (Groundball, 13, EV 92.5 MPH) (infield hit) Imbart Faber to second
|
Pinch Hitting: SHB Tony Prado
|
0-0: Foul Ball, location: 2F 0-1: Ground out 5-3 (Groundball, 15, EV 84.4 MPH) Imbart Faber to third Jarrod Joyce to second
|
Batting: RHB Danny Weisse
|
0-0: Swinging Strike 0-1: Foul Ball, location: 2F 0-2: Foul Ball, location: 2F 0-2: Strikes out swinging
|
Top of the 6th over - 0 runs, 1 hit, 0 errors, 2 left on base; Texas 2 - California 0 |
BOTTOM OF THE 6TH |
California Angels batting - Pitching for Texas Rangers : RHP Luis Herrera
|
Pitching: RHP Joe Bradford
|
|
Now at 1B: John Michener
|
|
Now at SS: Jarrod Joyce
|
|
Now in LF: Tony Prado
|
|
Pinch Hitting: RHB Nick Dunn
|
0-0: Ball 1-0: Called Strike 1-1: Ball 2-1: Foul Ball, location: 2F 2-2: Foul Ball, location: 2F 2-2: Ball 3-2: Foul Ball, location: 2F 3-2: SINGLE (Line Drive, 34D, EV 100.0 MPH)
|
Batting: LHB Justin Alexander
|
0-0: Ball 1-0: Ball Pickoff Throw by Catcher to First - Out! 2-0: Foul Ball, location: 2F 2-1: Foul Ball, location: 2F 2-2: Foul Ball, location: 2F 2-2: Strikes out looking
|
Batting: RHB Ryuji Ito
|
0-0: Swinging Strike 0-1: Ball 1-1: Ball 2-1: Ball 3-1: Base on Balls
|
Batting: LHB James McCauley
|
0-0: Ball 1-0: Foul Ball, location: 2F 1-1: Ball 2-1: Called Strike 2-2: Foul Ball, location: 2F 2-2: Ball 3-2: Strikes out swinging
|
Bottom of the 6th over - 0 runs, 1 hit, 0 errors, 1 left on base; Texas 2 - California 0 |
TOP OF THE 7TH |
Texas Rangers batting - Pitching for California Angels : RHP Pete Rance
|
Pitching: RHP Harry Christopher
|
|
Now at 1B: Luis Romero
|
|
Now at 3B: Ryuji Ito
|
|
Now at SS: Nick Dunn
|
|
Batting: RHB Luis Arce
|
0-0: Called Strike 0-1: Fly out, F8 (Flyball, 8LM, EV 93.1 MPH)
|
Batting: RHB Adryão Anto
|
0-0: Ball 1-0: Ball 2-0: Swinging Strike 2-1: Ball 3-1: Fly out, F7 (Flyball, 78M, EV 92.5 MPH)
|
Batting: SHB Alvare Bairro
|
0-0: Ball 1-0: Foul Ball, location: 2F 1-1: Foul Ball, location: 2F 1-2: Ball 2-2: Strikes out swinging
|
Top of the 7th over - 0 runs, 0 hits, 0 errors, 0 left on base; Texas 2 - California 0 |
BOTTOM OF THE 7TH |
California Angels batting - Pitching for Texas Rangers : RHP Joe Bradford
|
Pitching: LHP Valery Sahanov
|
|
Batting: RHB Avery Maxwell
|
0-0: Ball 1-0: Called Strike 1-1: Ball 2-1: Swinging Strike 2-2: Strikes out swinging
|
Pitching: RHP Kyle Curve
|
|
Pinch Hitting: RHB Mike Harkins
|
0-0: Called Strike 0-1: Ball 1-1: Foul Ball, location: 2F 1-2: Ball 2-2: Strikes out swinging
|
Batting: LHB Micah Miller
|
0-0: Ball 1-0: Ground out 2-3 (Groundball, 2L, EV 68.1 MPH)
|
Bottom of the 7th over - 0 runs, 0 hits, 0 errors, 0 left on base; Texas 2 - California 0 |
TOP OF THE 8TH |
Texas Rangers batting - Pitching for California Angels : RHP Harry Christopher
|
Now at 2B: Nick Dunn
|
|
Now at SS: Mike Harkins
|
|
Batting: RHB John Michener
|
0-0: Ball 1-0: Ball 2-0: Ground out 5-3 (Groundball, 5S, EV 84.4 MPH)
|
Batting: SHB John Giesbrecht
|
0-0: Called Strike 0-1: Ball 1-1: Foul Ball, location: 2F 1-2: Foul Ball, location: 2F 1-2: Ball 2-2: DOUBLE (Line Drive, 78D, EV 108.8 MPH)
|
Batting: RHB Imbart Faber
|
0-0: Called Strike 0-1: Ball 1-1: Ball 2-1: Called Strike 2-2: Ground out 3-1 (Groundball, 34, EV 108.8 MPH) John Giesbrecht to third
|
Batting: RHB Jarrod Joyce
|
0-0: Ball 1-0: Called Strike 1-1: Foul Ball, location: 2F 1-2: Foul Ball, location: 2F 1-2: Ball 2-2: Fly out, F8 (Flyball, 89D, EV 97.5 MPH)
|
Top of the 8th over - 0 runs, 1 hit, 0 errors, 1 left on base; Texas 2 - California 0 |
BOTTOM OF THE 8TH |
California Angels batting - Pitching for Texas Rangers : RHP Kyle Curve
|
Batting: RHB Luis Romero
|
0-0: Ball 1-0: SINGLE (Groundball, 4D, EV 105.0 MPH)
|
Batting: RHB Alain Delhaye
|
0-0: Called Strike 0-1: Ball 1-1: Swinging Strike 1-2: Strikes out swinging
|
Batting: RHB Nick Dunn
|
0-0: Called Strike 0-1: SINGLE (Flyball, 5D, EV 90.6 MPH) Luis Romero to second
|
Batting: LHB Justin Alexander
|
0-0: Swinging Strike 0-1: Foul Ball, location: 2F 0-2: Ball 1-2: Ball 2-2: Foul Ball, location: 2F 2-2: Ball 3-2: Base on Balls Luis Romero to third Nick Dunn to second
|
Pitching: LHP Matt Walton
|
|
Batting: RHB Ryuji Ito
|
0-0: Called Strike 0-1: Fly out, F8 (Flyball, 8LXD, EV 96.2 MPH) Runner from 3rd tags up, SCORES, no throw by CF Nick Dunn to third
|
Batting: LHB James McCauley
|
0-0: Called Strike 0-1: Fly out, F9 (Flyball, 9D, EV 98.8 MPH)
|
Bottom of the 8th over - 1 run, 2 hits, 0 errors, 2 left on base; Texas 2 - California 1 |
TOP OF THE 9TH |
Texas Rangers batting - Pitching for California Angels : RHP Harry Christopher
|
Pitching: RHP Tim Anderson
|
|
Batting: SHB Tony Prado
|
0-0: Ball 1-0: Swinging Strike 1-1: Ball 2-1: Ball 3-1: Base on Balls
|
Pitching: RHP Danny White
|
|
Batting: RHB Danny Weisse
|
0-0: Sac Bunt to 2L - play at first, batter OUT! 2-3 Tony Prado to second
|
Batting: RHB Luis Arce
|
0-0: Ball 1-0: Foul Ball, location: 2F 1-1: Ball 2-1: Ground out 5-3 (Groundball, 56S, EV 83.1 MPH)
|
Batting: RHB Adryão Anto
|
0-0: Called Strike 0-1: Foul Ball, location: 2F 0-2: Ball 1-2: Ball 2-2: Strikes out swinging
|
Top of the 9th over - 0 runs, 0 hits, 0 errors, 1 left on base; Texas 2 - California 1 |
BOTTOM OF THE 9TH |
California Angels batting - Pitching for Texas Rangers : LHP Matt Walton
|
Pitching: RHP Raul Almonte
|
|
Batting: RHB Avery Maxwell
|
0-0: Called Strike 0-1: Called Strike 0-2: Strikes out swinging
|
Batting: RHB Mike Harkins
|
0-0: Foul Ball, location: 2F 0-1: Called Strike 0-2: Foul Ball, location: 2F 0-2: Ground out 4-3 (Groundball, 34, EV 86.9 MPH)
|
Batting: LHB Micah Miller
|
0-0: Ball 1-0: Foul Ball, location: 2F 1-1: Swinging Strike 1-2: Ball 2-2: Ground out U3 (Groundball, 3L, EV 87.5 MPH)
|
Bottom of the 9th over - 0 runs, 0 hits, 0 errors, 0 left on base; Texas 2 - California 1 |
|